 Dungeon Crawl Stone Soup version 0.29.1-13-g9f3cf754e1 (webtiles) character file.

Game seed: 451152033169232342

228 Ayven the Chopper (level 6, 0/53 HPs)
             Began as a Hill Orc Abyssal Knight on Feb 9, 2023.
             Was a Priest of Lugonu.
             Slain by a ball python (2 damage)
             ... in a sewer.
             The game lasted 00:15:35 (3938 turns).

Ayven the Chopper (Hill Orc Abyssal Knight)         Turns: 3938, Time: 00:15:35

Health: 0/53       AC:  5    Str: 18    XL:     6   Next: 2%
Magic:  8/8        EV: 10    Int: 10    God:    Lugonu [***...]
Gold:   133        SH:  8    Dex: 11    Spells: 5/5 levels left

rFire   x . .      SeeInvis .   a - +1 hand axe
rCold   + . .      Faith    .   k - +1 kite shield
rNeg    . . .      Spirit   .   e - +0 ring mail
rPois   .          Reflect  .   (no helmet)
rElec   .          Harm     .   (no cloak)
rCorr   .          Rampage  .   (no gloves)
Will    .....                   (no boots)
Stlth   +.........              (no amulet)
HPRegen 0.17/turn               d - ring of ice
MPRegen 0.11/turn               g - +4 ring of evasion

@: constricted
A: no striking features
a: Renounce Religion, Depart the Abyss, Bend Space, Banish


You were in a sewer.
You worshipped Lugonu.
Lugonu was most pleased with you.
You visited 1 branch of the dungeon, and saw 3 of its levels.
You visited the Abyss 1 time.
You also visited: Sewer.

You collected 133 gold pieces.

Inventory:

Hand Weapons
 a - a +1 hand axe (weapon)
Armour
 b - a +0 leather armour
 e - a +0 ring mail (worn)
 k - a +1 kite shield (worn)
Magical Staves
 o - a staff of fire
Jewellery
 d - a ring of ice (left hand)
 g - a +4 ring of evasion (right hand)
Scrolls
 h - a scroll of acquirement {unknown}
 j - a scroll of enchant armour
 m - a scroll of amnesia {unknown}
 n - a scroll of poison {unknown}
 r - a scroll of vulnerability {unknown}
Potions
 c - 3 potions of curing
 f - a potion of lignification {unknown}
 p - a potion of magic {unknown}
 q - a potion of resistance {unknown}


   Skills:
 + Level 4.7 Fighting
 + Level 5.1 Axes
 + Level 3.5 Armour
 + Level 1.3 Dodging
 + Level 1.8 Shields
 + Level 2.8 Invocations


You had 5 spell levels left.
You didn't know any spells.
Your spell library contained the following spells:

 Spells                   Type           Power      Damage    Failure   Level
 Apportation              Tloc           0%         N/A       91%         1
 Portal Projectile        Hex/Tloc       0%         N/A       100%        3
 Malign Gateway           Summ/Tloc      0%         N/A       100%        7


Dungeon Overview and Level Annotations

Branches:
Dungeon (3/15)              Sewer (1/1)

Altars:


Message History

You block the ball python's attack. The ball python constricts you.
The ball python barely misses you. The ball python bites you.
* * * LOW HITPOINT WARNING * * *
The ball python constricts you. The ball python barely misses you.
You block the ball python's attack. The ball python constricts you.
The ball python bites you but does no damage. x2
The ball python constricts you. The ball python misses you.
You block the ball python's attack. The ball python constricts you.
The ball python barely misses you. You block the ball python's attack.
The ball python constricts you. You block the ball python's attack.
The ball python bites you but does no damage.
The ball python constricts you. The ball python bites you.
* * * LOW HITPOINT WARNING * * *
You block the ball python's attack. The ball python constricts you.
You block the ball python's attack. x2; The ball python constricts you.
You block the ball python's attack. x2; The ball python constricts you.
The ball python closely misses you. The ball python constricts you.
The ball python barely misses you. You block the ball python's attack.
The ball python closely misses you. The ball python constricts you.
* * * LOW HITPOINT WARNING * * *
You block the ball python's attack. The ball python bites you.
* * * LOW HITPOINT WARNING * * *
The ball python constricts you.
* * * LOW HITPOINT WARNING * * *
The ball python closely misses you. x2; The ball python constricts you.
The ball python bites you.
* * * LOW HITPOINT WARNING * * *
The ball python barely misses you. The ball python constricts you.
You block the ball python's attack.
The ball python bites you but does no damage.
The ball python constricts you. The ball python barely misses you.
The ball python bites you.
* * * LOW HITPOINT WARNING * * *
The ball python constricts you. The ball python closely misses you.
The ball python bites you.
You die...

#≈≈≈≈~≈#
#≈≈~~≈≈#
#≈≈~~≈~#
#≈≈≈~≈≈#
#≈≈~~≈≈#
#≈≈~~≈≈#
#≈≈~~≈≈#
#≈~~~≈≈#
#≈~~~≈≈#
#≈≈~≈~≈
#~≈~≈~~#
#.~~~~##
#.~~~~##
#......#
#......##
#..∩∩..#
##@S÷...## #
#......#
#.S.....#...
##....##
##..........
######
##.........
######...#
####


You could see 2 ball pythons.

Vanquished Creatures
  A bullfrog (Sewer)
  6 adders
  3 river rats
  3 worms
  A dart slug (D:3)
  7 bats
  7 endoplasms
  3 giant cockroaches
  4 goblins
  4 hobgoblins
  3 jackals (D:1)
  A quokka (D:1)
  12 ball pythons
  9 frilled lizards
  5 kobolds
  14 rats
83 creatures vanquished.

Vanquished Creatures (others)
  3 fungi (D:1)
  4 plants (D:1)
7 creatures vanquished.

Grand Total: 90 creatures vanquished

Notes
Turn   | Place    | Note
-------+----------+-------------------------------------------
     0 | Abyss:1  | Ayven the Hill Orc Abyssal Knight began the quest for the
                  | Orb.
     0 | Abyss:1  | Reached XP level 1. HP: 19/19 MP: 2/2
     2 | Abyss:1  | Found a corrupted altar of Lugonu.
   118 | Abyss:1  | Noticed a small abomination
   120 | D:1      | Escaped the Abyss
   185 | D:1      | Reached ** piety under Lugonu
   305 | D:1      | Reached XP level 2. HP: 27/27 MP: 3/3
   330 | D:1      | Found a faded altar of an unknown god.
   776 | D:1      | Reached skill level 1 in Dodging
   780 | D:1      | Reached skill level 3 in Axes
   783 | D:1      | Reached XP level 3. HP: 33/34 MP: 5/5
  1842 | D:2      | Reached XP level 4. HP: 26/41 MP: 6/6
  2775 | D:3      | Reached skill level 4 in Axes
  3064 | D:3      | Found a glowing drain.
  3097 | D:3      | Reached XP level 5. HP: 35/47 MP: 7/7
  3179 | D:3      | Got Giurib's Reference Book on the Compass
  3299 | Sewer    | Entered a sewer
  3323 | Sewer    | Reached *** piety under Lugonu
  3658 | Sewer    | Reached skill level 5 in Axes
  3658 | Sewer    | Reached skill level 1 in Shields
  3865 | Sewer    | Reached XP level 6. HP: 34/53 MP: 8/8
  3937 | Sewer    | HP: 2/53 [ball python (1)]
  3938 | Sewer    | Slain by a ball python

Illustrated notes

Levels and vault maps discovered:
D:1:      lordsloth_arrival_two_stooges, layout_basic,
          dreamdust_ecumenical_altar_grove, st_stairs_4, minmay_pentomino_r2
D:2:      layout_basic
D:3:      layout_rooms, portal_sewer_entry_a
Sewer:    sewer_minmay_w

Skill      XL: |  1  2  3  4  5 |
---------------+----------------+-----
Fighting       | 4 |  4.7
Dodging        | 1 |  1.3
Axes           | 3 4 5 |  5.1
Armour         | 3 |  3.5
Shields        | 1 |  1.8
Invocations    | |  2.8

Action                   |  1- 3 |  4- 6 || total
-------------------------+-------+-------++-------
Melee: Hand axe          |   155 |   129 ||   284
Invok: Depart the Abyss  |     1 |       ||     1
       Bend Space        |     1 |       ||     1
  Use: Scroll            |       |     4 ||     4
       Potion            |       |     1 ||     1
Armor: Leather armour    |    43 |       ||    43
       Ring mail         |    31 |    90 ||   121
Dodge: Dodged            |   123 |   168 ||   291
Block: Kite shield       |    23 |   152 ||   175
